AoeStats
← xxCamper_2

Nomad

503365022Analyzed
3v3 RM · 1mo ago on Aug 31, 2026· 35m 22s· 6 players
Game mode
Random Map
Map size
210×210
Population
200
Speed
Normal
Resources
Standard
Victory
Conquest
Starting age
Dark Age
Ending age
Imperial Age
RankedLock teamsTeams togetherTeam positionsShared explorationLock speedFull tech treeHidden civsTurbo modeCheats
Victory
Defeat
🇸🇰 Koreans · Slovakia
1348
+9
🇬🇧 Slavs · United Kingdom
1067
+69
🇩🇪 Vietnamese · Germany
1056
+22
🇸🇪 Goths · Sweden
1224
-19
🇳🇱 Huns · Netherlands
1215
-19
🇷🇺 Britons · Russia
1147
-16
Waz1upp
15:34 Feudal Age
20:55 Castle Age
18:51 Double-Bit Axe
18:54 Horse Collar
26:25 Forging
26:20 Scale Barding Armor
34:24 Iron Casting
35:25 Chain Barding Armor
EL-CIGARETTO
15:05 Feudal Age
17:38 Double-Bit Axe
18:06 Gold Mining
20:49 Castle Age
19:07 Fletching
19:18 Padded Archer Armor
19:25 Scale Barding Armor
21:03 Crossbowman
25:25 Bow Saw
27:52 Forging
27:54 Loom
29:27 Iron Casting
33:15 Chain Barding Armor
32:57 Bodkin Arrow
xxCamper_2
4:27 Loom
16:18 Feudal Age
17:23 Fishing Lines
17:55 Double-Bit Axe
22:03 Castle Age
20:15 Forging
20:47 Gold Mining
22:13 Scale Mail Armor
22:17 Pikeman
23:16 Medium Warships
25:15 Gillnets
30:42 Ballistics
31:36 Horse Collar
32:26 Squires
33:31 Siphons
33:38 Clinker Construction
33:52 Gambesons
34:27 Chain Mail Armor
34:17 Arson
36:01 Bow Saw
LeL.FancyPants
10:45 Loom
13:32 Feudal Age
17:43 Castle Age
16:06 Horse Collar
17:58 Bloodlines
18:03 Scale Barding Armor
18:09 Forging
24:01 Husbandry
27:31 Chain Barding Armor
28:34 Gold Mining
Jhois
7:50 Loom
13:18 Feudal Age
19:39 Castle Age
21:09 Double-Bit Axe
21:55 Horse Collar
22:28 Bow Saw
22:55 Heavy Plow
26:57 Wheelbarrow
27:11 Squires
26:33 Man-at-Arms
27:53 Stone Mining
27:53 Gold Mining
28:44 Hand Cart
28:11 Long Swordsman
28:52 Scale Mail Armor
29:03 Forging
31:37 Chain Mail Armor
35:18 Imperial Age
32:36 Town Watch
34:44 Iron Casting
Hannibal Lecter
3:19 Loom
17:50 Feudal Age
18:05 Man-at-Arms
20:08 Fletching
21:16 Padded Archer Armor
Connection lost

Rejoining the realm…

Still unreachable

The connection could not be restored.

Session expired

The server has moved on; the page needs a fresh start.